 Dungeon Crawl Stone Soup version 0.31-a0-217-g58bb5d79cf (webtiles) character file.

Game seed: 3684715849061214637

78 Gargoyl the Trooper (level 4, -1/43 HPs)
             Began as a Gargoyle Berserker on July 3, 2023.
             Was a Believer of Trog.
             Slain by Crazy Yiuf
             ... wielding a +4 quarterstaff of chaos
              (4 damage)
             ... on level 2 of the Dungeon.
             The game lasted 00:02:13 (1436 turns).

Gargoyl the Trooper (Gargoyle Berserker)            Turns: 1436, Time: 00:02:14

Health: -1/43      AC: 14    Str: 20    XL:     4   Next: 36%
Magic:  4/4        EV: 13    Int:  8    God:    Trog [**....]
Gold:   66         SH:  0    Dex: 11    Spells: 3/3 levels left

rFire   . . .        a - +0 hand axe
rCold   . . .        (no shield)
rNeg    + . .        d - +0 chain mail
rPois   ∞            k - +1 helmet
rElec   +            (no cloak)
rCorr   .            (no gloves)
SInv    .            (no boots)
Will    .....        (no amulet) Stlth
                     (no ring)
HPRegen 0.27/turn    (no ring)
MPRegen 0.09/turn

%: no passive effects
@: agile, berserking (expiring), very quick
A: sickness immunity, AC +3, negative energy resistance 1, electricity
resistance, torment resistance 1, petrification resistance
a: Renounce Religion, Berserk, Trog's Hand


You were on level 2 of the Dungeon.
You worshipped Trog.
Trog was pleased with you.
You visited 1 branch of the dungeon, and saw 2 of its levels.

You collected 66 gold pieces.

Inventory:

Hand Weapons
 a - a +0 hand axe (weapon)
Armour
 d - a +0 chain mail (worn)
 k - a +1 helmet (worn)
Wands
 j - a wand of quicksilver (9)
Scrolls
 e - a scroll of fog {unknown}
 f - a scroll of blinking {unknown}
 g - 2 scrolls of revelation {unknown}
 h - 2 scrolls of teleportation {unknown}
 l - a scroll of fear {unknown}
Potions
 b - a potion of berserk rage {unknown}
 c - a potion of curing {unknown}
 i - a potion of cancellation {unknown}


   Skills:
 + Level 4.1 Fighting
 + Level 3.7 Axes
 + Level 2.5 Armour
 + Level 1.8 Dodging


You had 3 spell levels left.
You didn't know any spells.
Your spell library was empty.

Dungeon Overview and Level Annotations

Branches:
Dungeon (2/15)

Altars:

Annotations:
D:2 Crazy Yiuf


Innate Abilities, Weirdness & Mutations

You are immune to sickness and miasma.
Your stone body is resilient. (AC +3)
You are immune to poison.
You resist negative energy. (rN+)
You are resistant to electric shocks. (rElec)
You are resistant to unholy torment.
You are immune to petrification.


Message History

Trog accepts your kill.
Found a scroll labelled TASTOY DYQAV.
l - a scroll labelled TASTOY DYQAV
Found a hammer.
Found a hammer.
Found two hammers.
Found a runed translucent door.
You see here a +0 hammer.
Crazy Yiuf shouts!
You see here a +0 hammer.
Found a hammer.
Crazy Yiuf cries, "Proton song arm!"
You open the door.
A red film seems to cover your vision as you go berserk!
You feel yourself moving faster!
You feel mighty!
Crazy Yiuf grits, "Snurf ladder eyeball!"
Crazy Yiuf hits you with a +4 quarterstaff of chaos.
You barely miss Crazy Yiuf.
Crazy Yiuf hits you with a +4 quarterstaff of chaos!
You barely miss Crazy Yiuf.
Crazy Yiuf cries, "Proton!
Whippet Xom blue."
Crazy Yiuf hits you with a +4 quarterstaff of chaos.
You feel agile all of a sudden.
You closely miss Crazy Yiuf. You slash Crazy Yiuf!
Crazy Yiuf is severely wounded.
Crazy Yiuf hits you with a +4 quarterstaff of chaos!
Crazy Yiuf burns you.
You completely miss Crazy Yiuf.
Crazy Yiuf is severely wounded.
Crazy Yiuf cries, "You leg down broken song, no?"
Crazy Yiuf hits you with a +4 quarterstaff of chaos.
You hit Crazy Yiuf.
Crazy Yiuf is almost dead.
You barely miss Crazy Yiuf.
Crazy Yiuf is almost dead.
Crazy Yiuf cries, "Sif Muna senile koolooloo!"
Crazy Yiuf hits you with a +4 quarterstaff of chaos!
* * * LOW HITPOINT WARNING * * *
Crazy Yiuf burns you.
You die...

##.# #......
#############.#
#......
#.............#
####......
###.....#########
#.######.# ........#
#.# #.#
####.########## #.#
#.# #.###.#.)#)###
### #.# #.#
#.##...P..#.)##)..#
#.# #.#
##.#....PP####@g)..#
#.# #.# #......#.##
###).)# #.# #.#
########## ### #.##
#.# #..#####.#
##....#..# ###
####...## #.# #.>###
#.# ##.# # #.# #.# #


You could see Crazy Yiuf.

Vanquished Creatures
  Jessica (D:2)
  A worm (D:2)
  An orc (D:2)
  3 ball pythons (D:1)
  6 endoplasms
  5 goblins
  2 hobgoblins
  6 jackals (D:2)
  4 quokkas
  3 bats
  2 frilled lizards (D:2)
  5 kobolds
  3 rats
42 creatures vanquished.

Notes
Turn   | Place    | Note
-------+----------+-------------------------------------------
     0 | D:1      | Gargoyl the Gargoyle Berserker began the quest for the Orb.
     0 | D:1      | Reached XP level 1. HP: 14/14 MP: 1/1
   117 | D:1      | Reached XP level 2. HP: 14/19 MP: 2/2
   717 | D:1      | Reached XP level 3. HP: 21/23 MP: 3/3
   968 | D:2      | Noticed Jessica
   974 | D:2      | Killed Jessica
   974 | D:2      | Reached ** piety under Trog
  1021 | D:2      | Reached XP level 4. HP: 28/29 MP: 4/4
  1081 | D:2      | Reached skill level 4 in Fighting
  1424 | D:2      | Found a runed translucent door.
  1425 | D:2      | Noticed Crazy Yiuf
  1436 | D:2      | Slain by Crazy Yiuf

Illustrated notes

Levels and vault maps discovered:
D:1:      ncdulo_lavacross, layout_basic
D:2:      layout_basic, minmay_ruptured, uniq_jessica, uniq_crazy_yiuf_cottage

Skill      XL: |  1  2  3  4 |
---------------+-------------+-----
Axes           | 3 |  3.7
Fighting       | 4 |  4.1
Armour         | |  2.5
Dodging        | |  1.8

Action                     |  1- 3 |  4- 6 || total
---------------------------+-------+-------++-------
  Melee: Hand axe          |    80 |    59 ||   139
         Punch             |       |     1 ||     1
 Invoke: Berserk           |     1 |     1 ||     2
 Armour: Animal skin       |     4 |       ||     4
         Chain mail        |    49 |    38 ||    87
  Dodge: Dodged            |    49 |    21 ||    70

Table legend: (Time is in decaauts)
 A = Elapsed time spent in this place.
 B = Non-inter-level travel time spent in this place.
 C = Inter-level travel time spent in this place.
 D = Time resting spent in this place.
 E = Time spent auto-exploring this place.
 F = Levels seen in this place.
 G = Mean time per level.
                   A        B        C        D        E       F      G
               +--------+--------+--------+--------+--------+-----+--------+
         Total |   1460 |   1406 |     54 |      0 |    989 |   2 |  730.0 |
       Dungeon |   1460 |   1406 |     54 |      0 |    989 |   2 |  730.0 |
               +--------+--------+--------+--------+--------+-----+--------+

Top non-repeatable levels by time:
     D:1: 805 daAuts
     D:2: 654 daAuts
